 Dungeon Crawl Stone Soup version 0.28-a0-750-g7c675f85b1 (webtiles) character file.

Game seed: 6702924296555118921

9 willcat the Sneak (level 2, -3/18 HPs)
             Began as a Deep Elf Delver on Oct 29, 2021.
             Was an Initiate of Sif Muna.
             Shot with an arrow by a centaur (5 damage)
             ... on level 6 of the Dungeon.
             The game lasted 00:01:50 (656 turns).

willcat the Sneak (Deep Elf Delver)                  Turns: 656, Time: 00:01:50

Health: -3/18      AC:  3    Str:  9    XL:     2   Next: 6%
Magic:  4/4        EV: 16    Int: 14    God:    Sif Muna [......]
Gold:   7          SH:  0    Dex: 16    Spells: 0/1 levels left

rFire   . . .      SeeInvis .   a - +0 short sword
rCold   . . .      Faith    .   (no shield)
rNeg    . . .      Spirit   .   b - +0 leather armour
rPois   .          Reflect  .   (no helmet)
rElec   .          Harm     .   (no cloak)
rCorr   .          Rampage  .   (no gloves)
Will    .....                   (no boots)
Stlth   +++.......              (no amulet)
HPRegen 0.06/turn               n - +4 ring of evasion
MPRegen 0.09/turn               (no ring)

@: no status effects
A: no striking features
a: Renounce Religion


You were on level 6 of the Dungeon.
You worshipped Sif Muna.
Sif Muna was noncommittal.
You visited 2 branches of the dungeon, and saw 3 of its levels.

You collected 7 gold pieces.

Inventory:

Hand Weapons
 a - a +0 short sword (weapon)
 o - a +0 shortbow
Missiles
 m - 2 javelins (quivered)
Armour
 b - a +0 leather armour (worn)
Jewellery
 n - a +4 ring of evasion (left hand)
Wands
 g - a wand of digging (3)
Scrolls
 c - a scroll of fog
 d - a scroll of magic mapping
 e - a scroll of fear
 h - a scroll of enchant armour {unknown}
 i - 3 scrolls of teleportation {unknown}
 q - a scroll of identify {unknown}
Potions
 f - a potion of haste
 j - a potion of cancellation {unknown}
 k - 2 potions of lignification {unknown}
 l - 2 potions of brilliance {unknown}
 p - a potion of degeneration {unknown}


   Skills:
 - Level 2.4 Fighting
 + Level 2.3 Short Blades
 + Level 2.8 Dodging
 + Level 6.2 Stealth
 + Level 0.0 Spellcasting
 + Level 0.0 Earth Magic


You couldn't memorise any spells.
You knew the following spells:

 Your Spells              Type           Power      Damage    Failure   Level
a - Sandblast             Erth           0%         2d4       38%         1

Your spell library contained the following spells:

 Spells                   Type           Power      Damage    Failure   Level
 Passwall                 Tmut/Erth      0%         N/A       52%         2
 Stone Arrow              Conj/Erth      0%         3d7       77%         3


Dungeon Overview and Level Annotations

Branches:
Dungeon (6/15)             Temple (1/1) D:6

Altars:
Ashenzari
Cheibriados
Elyvilon
Gozag
Makhleb
Qazlal
Ru
Sif Muna
Trog
Vehumet
The Shining One


Message History

o - a +0 shortbow Search for what [? for help]? arro Can't find anything matching that.
Found a book of Geomancy.
You hear a distant slurping noise.
You pick up a book of Geomancy and begin reading...
You add the spells Sandblast, Passwall and Stone Arrow to your library.
Memorise Sandblast, consuming 1 spell level and leaving 0?
You start memorising the spell.
You continue memorising.
You finish memorising.
Spell assigned to 'a'.
You see here 13 sling bullets.
Search for what [Enter for "arro", or ? for help]? stone Can't find anything matching that.
Search for what [Enter for "stone", or ? for help]? rock Can't find anything matching that.
Okay, then.
k - 2 yellow potions (gained 1)
p - a sapphire potion An orc warrior and an orc wizard come into view.
The orc warrior is wielding a +0 mace and wearing a +9 plate armour of ponderousness.
The orc warrior shouts!
Okay, then.
Okay, then.
Found a scroll labelled PITYQEG IHYO.
A centaur comes into view.
You see here a scroll labelled PITYQEG IHYO.
q - a scroll labelled PITYQEG IHYO The centaur shouts!
You hear a shout!
A killer bee zombie comes into view.
The centaur hits you but does no damage.
The centaur misses you.
A jelly comes into view.
The centaur closely misses you. x2
An ogre comes into view. It is wielding a +0 giant club.
The centaur wields a +1 shortbow of freezing.
It is covered in frost.
The centaur shoots an arrow.
The arrow hits you!
Ouch! That really hurt!
* * * LOW HITPOINT WARNING * * *
The arrow freezes you.
You die...

#..#.## #..#
##.....#####..########
#.....................
#.##...####.######.#..
#. ##.## ... #...#. #.
#.# ..#.. #.#... #.
#.##...# #..### #.
#......# ##. # #.
#@###..# .o # #.# ..
## . #...c......ZJ #.
........#.##..O ..
###.##...## Z.. # ##.#
#.# #.# #..


You could see a centaur.

Vanquished Creatures
  An ufetubus (D:5)
  3 jackals (D:5)
4 creatures vanquished.

Notes
Turn   | Place    | Note
-------+----------+-------------------------------------------
     0 | D:5      | willcat the Deep Elf Delver began the quest for the Orb.
     0 | D:5      | Reached XP level 1. HP: 13/13 MP: 3/3
   178 | D:5      | Noticed a scorpion
   244 | D:5      | Reached XP level 2. HP: 16/18 MP: 4/4
   439 | D:6      | Found a staircase to the Ecumenical Temple.
   445 | Temple   | Entered the Ecumenical Temple
   467 | Temple   | Became a worshipper of Sif Muna the Loreminder
   579 | D:6      | Learned a level 1 spell: Sandblast
   617 | D:6      | Noticed an orc warrior
   649 | D:6      | Noticed a centaur
   655 | D:6      | Noticed an ogre
   656 | D:6      | Shot with an arrow by a centaur

Illustrated notes

Levels and vault maps discovered:
D:5:      layout_gridville, uniq_crazy_yiuf_cottage
D:6:      layout_loops_ring, minmay_temple_entry_fiery,
          minmay_fractal_squares_diagonal_5
Temple:   nicolae_temple_the_god_donut

Action                   || total
-------------------------++-------
Melee: Short sword       ||    16
 Stab: Distracted        ||     1
Armor: Leather armour    ||     8
Dodge: Dodged            ||    14

Table legend: (Time is in decaauts)
 A = Elapsed time spent in this place.
 B = Non-inter-level travel time spent in this place.
 C = Inter-level travel time spent in this place.
 D = Time resting spent in this place.
 E = Time spent auto-exploring this place.
 F = Levels seen in this place.
 G = Mean time per level.
                   A        B        C        D        E       F      G
               +--------+--------+--------+--------+--------+-----+--------+
         Total |    655 |    642 |     13 |     85 |    207 |   3 |  218.3 |
       Dungeon |    620 |    619 |      1 |     85 |    197 |   2 |  310.0 |
        Temple |     34 |     22 |     12 |      0 |     10 |   1 |   34.0 |
               +--------+--------+--------+--------+--------+-----+--------+

Top non-repeatable levels by time:
     D:5: 342 daAuts
     D:6: 278 daAuts
  Temple: 34 daAuts
